 Dungeon Crawl Stone Soup version bcrawl-1.19.2-6-g6a88ae04c9 (webtiles) character file.

Game seed: 14989997040291419305

3714 Mrkan the Basher (level 9, -5/82 HPs)
             Began as a Minotaur Fighter on Dec 30, 2019.
             Slain by a death yak (14 damage)
             ... on level 8 of the Dungeon.
             The game lasted 00:09:58 (7817 turns).

Mrkan the Basher (Minotaur Fighter)                 Turns: 7817, Time: 00:09:59

Health: -5/82      AC: 15    Str: 21    XL:     9   Next: 91%
Magic:  8/8        EV:  5    Int:  6    God:
Gold:   584        SH: 12    Dex: 12    Spells: 8/8 levels left

rFire    . . .     SeeInvis .   a - +0 flail
rCold    . . .     Gourm    .   c - +1 shield
rNeg     . . .     Faith    .   o - +0 plate armour
rPois    +         Spirit   .   B - +0 hat
rElec    .         Reflect  .   (no cloak)
rCorr    .         Harm     .   (no gloves)
MR       .....                  m - +0 pair of boots
Stlth    ..........             (no amulet)
HPRegen  0.23/turn              g - ring of poison resistance
MPRegen  0.11/turn              t - +3 ring of slaying

@: no status effects
A: retaliatory headbutt, horns 2
a: no special abilities


You were on level 8 of the Dungeon.
You were not hungry.

You visited 1 branch of the dungeon, and saw 9 of its levels.
You also visited: Sewer.

You collected 626 gold pieces.
You spent 42 gold pieces at shops.

Inventory:

Hand Weapons
 a - a +0 flail (weapon)
Missiles
 x - a throwing net (quivered) {!f}
Armour
 c - a +1 shield (worn)
 m - a +0 pair of boots (worn)
 o - a +0 plate armour (worn)
 B - a +0 hat (worn)
Jewellery
 g - a ring of poison resistance (left hand)
 t - a +3 ring of slaying (right hand)
Wands
 k - a wand of flame (35)
Scrolls
 b - 2 scrolls of fear
 d - 6 scrolls of remove curse
 e - 10 scrolls of identify
 l - a scroll of fog
 p - a scroll of magic mapping {unknown}
 q - 2 scrolls of teleportation
 u - 3 scrolls of enchant armour
 w - a scroll of amnesia {unknown}
 y - a scroll of vulnerability {unknown}
 A - a scroll of enchant weapon {unknown}
Potions
 h - 2 potions of curing
 i - a potion of magic
 j - 4 potions of degeneration {unknown}
 n - a potion of agility
 r - a potion of invisibility {unknown}
 s - a potion of flight
 v - 2 potions of might
 z - 2 potions of lignification {unknown}
 C - a potion of mutation {unknown}
Comestibles
 f - 19 rations {!d}
 D - a chunk of flesh


   Skills:
 + Level 8.4 Fighting
 * Level 10.9 Maces & Flails
 + Level 8.5 Armour
 + Level 8.5 Shields


You had 8 spell levels left.
You didn't know any spells.
Your spell library contained the following spells:

 Spells                   Type           Power        Failure   Level  Hunger
 Magic Dart               Conj           #...         100%        1    ##.....
 Blink                    Tloc           N/A          100%        2    ###....
 Call Imp                 Summ           #.....       100%        2    ###....
 Searing Ray              Conj           #.......     100%        2    ###....
 Conjure Flame            Conj/Fire      #.......     100%        3    ####...
 Iskenderun's Mystic Bla  Conj           #.......     100%        3    ####...
 Mephitic Cloud           Conj/Pois/Air  #.......     100%        3    ####...
 Spider Form              Tmut/Pois      #..          100%        3    ####...
 Fulminant Prism          Conj/Hex       #.........   100%        4    #####..
 Irradiate                Conj/Tmut      #.........   100%        5    ######.


Dungeon Overview and Level Annotations

Branches:
Dungeon (9/12)             Temple (0/1) D:5            Lair (0/6) D:9
    Orc: D:8-11

Altars:
Sif Muna
Xom

Shops:
D:6 *   D:7 !


Innate Abilities, Weirdness & Mutations

You reflexively headbutt those who attack you in melee.
You have a pair of horns on your head.


Message History

The death yak is heavily wounded.
The death yak gores you.
* * * LOW HITPOINT WARNING * * *
You hit the death yak.
The death yak is heavily wounded.
The death yak gores you but does no damage.
You thump the death yak!
The death yak is severely wounded.
The death yak gores you!
* * * LOW HITPOINT WARNING * * *
Your shield and plate armour prevent you from hitting the death yak.
The death yak is severely wounded.
The death yak gores you!
* * * LOW HITPOINT WARNING * * *
You feel better. You block the death yak's attack.
You hit the death yak.
You headbutt the death yak, but do no damage.
The death yak is severely wounded.
You block the death yak's attack. The death yak gores you!
You die...

#.......###..#...
#...........##...
######................
#...##.........#.##...
#....##........####...
#...............##....
##...........###......
#...Y#Y#.>..........##
##....@##.............#
##.....................#
#..........>...........#
##......#..............#
####.###...............
#..#..............#.
#####.#....#...#....##.
##.##.......:........###
##..#...........##.....#.


You could see 2 death yaks.

Vanquished Creatures
  An efreet (D:8)
  A troll (D:8)
  A hornet (D:7)
  An orc warrior (D:8)
  3 sky beasts
  Purgy (D:3)
  3 ogres
  5 centaurs
  3 bullfrogs
  3 big kobolds
  A wyvern zombie (D:4)
  A scorpion (D:6)
  3 killer bees (D:6)
  5 wights (D:6)
  An electric eel (D:6)
  2 howler monkeys
  5 crimson imps
  A bullfrog zombie (D:3)
  3 hounds
  2 jellies
  A quasit (D:5)
  2 orc priests
  3 orc wizards
  An iguana (D:7)
  6 worker ants
  A hound zombie (D:6)
  2 howler monkey zombies
  A worker ant zombie (D:5)
  5 adders
  4 gnolls (D:3)
  A shadow imp (D:6)
  An ooze (D:1)
  An adder zombie (D:7)
  2 worms
  3 dart slugs
  9 leopard geckos
  14 orcs
  8 giant cockroaches
  5 goblins
  6 hobgoblins
  14 jackals
  2 quokkas
  3 ball pythons
  7 bats
  A frilled lizard (D:1)
  10 kobolds
  A quokka zombie (D:5)
  3 rats
163 creatures vanquished.

Notes
Turn   | Place    | Note
-------+----------+-------------------------------------------
     0 | D:1      | Mrkan the Minotaur Fighter began the quest for the Orb.
     0 | D:1      | Reached XP level 1. HP: 19/19 MP: 0/0
   128 | D:1      | Reached XP level 2. HP: 27/27 MP: 1/1
   310 | D:1      | Reached skill level 3 in Maces & Flails
   691 | D:1      | Reached XP level 3. HP: 33/33 MP: 2/2
  1308 | D:3      | Found a glowing drain.
  1321 | D:3      | Reached XP level 4. HP: 39/40 MP: 3/3
  1344 | Sewer    | Entered a sewer
  1423 | Sewer    | Reached skill level 4 in Maces & Flails
  1858 | D:3      | Reached XP level 5. HP: 23/47 MP: 4/4
  2186 | D:3      | Noticed Purgy
  2195 | D:3      | Killed Purgy
  2195 | D:3      | Reached skill level 5 in Maces & Flails
  2195 | D:3      | Reached XP level 6. HP: 45/55 MP: 5/5
  2582 | D:4      | Reached skill level 5 in Fighting
  2582 | D:4      | Reached skill level 5 in Armour
  2582 | D:4      | Reached skill level 5 in Shields
  3183 | D:4      | Reached skill level 6 in Maces & Flails
  3395 | D:4      | Reached XP level 7. HP: 42/61 MP: 6/6
  3665 | D:5      | Entered Level 5 of the Dungeon
  3867 | D:5      | Reached skill level 7 in Maces & Flails
  4177 | D:5      | Found a staircase to the Ecumenical Temple.
  4288 | D:5      | Reached XP level 8. HP: 70/70 MP: 7/7
  4954 | D:6      | Reached skill level 8 in Maces & Flails
  5069 | D:6      | Found Riotos's Assorted Antiques.
  5570 | D:6      | Reached skill level 9 in Maces & Flails
  5606 | D:6      | Reached XP level 9. HP: 65/79 MP: 8/8
  5628 | D:6      | Found a shimmering blue altar of Sif Muna.
  6187 | D:7      | Found Esiaqoss's Distillery.
  6205 | D:7      | Bought a potion of curing for 42 gold pieces
  6321 | D:7      | Reached skill level 10 in Maces & Flails
  6932 | D:8      | Noticed an efreet
  6942 | D:8      | Noticed a troll
  6945 | D:8      | Killed an efreet
  6951 | D:8      | Killed a troll
  7668 | D:8      | Found a shimmering altar of Xom.
  7735 | D:9      | Noticed a death yak
  7736 | D:9      | Found a staircase to the Lair.
  7736 | D:9      | Noticed a death yak
  7737 | D:9      | Noticed a death yak
  7737 | D:9      | Noticed a death yak
  7737 | D:9      | Noticed a death yak
  7739 | D:9      | Noticed a death yak
  7800 | D:9      | Noticed a death yak
  7815 | D:8      | HP: 3/82 [death yak (7)]
  7817 | D:8      | Slain by a death yak

Skill      XL: |  1  2  3  4  5  6  7  8  9 |
---------------+----------------------------+-----
Maces & Flails | 3 4 5 6 7 9 10 | 10.9
Armour         | 4 5 6 7 8 |  8.5
Fighting       | 4 5 6 7 8 |  8.4
Shields        | 4 5 6 7 8 |  8.5

Action                   |  1- 3 |  4- 6 |  7- 9 || total
-------------------------+-------+-------+-------++-------
Melee: Flail             |   121 |   169 |   292 ||   582
       Headbutt          |    14 |    25 |    62 ||   101
Evoke: Wand              |       |       |     1 ||     1
  Use: Scroll            |     1 |       |     9 ||    10
       Potion            |       |     1 |     5 ||     6
  Eat: Chunk             |     1 |     8 |     7 ||    16
       Ration            |       |       |     2 ||     2
Armor: Scale mail        |    52 |       |       ||    52
       Chain mail        |    30 |   111 |    64 ||   205
       Plate armour      |       |       |    71 ||    71
Dodge: Dodged            |    43 |    48 |    42 ||   133
Block: Shield            |    72 |   118 |   154 ||   344
